 Dungeon Crawl Stone Soup version 0.30-a0-778-g2ef04afb54 (console) character file.

Game seed: 13585065586838793931

616 rlgrobin the Cleaver (level 8, -1/63 HPs)
             Began as a Meteoran Fighter on Feb 17, 2023.
             Was a Believer of Okawaru.
             Killed from afar by a gargoyle (14 damage)
             ... with a stone arrow
             ... on level 7 of the Dungeon.
             The game lasted 00:02:47 (520 turns).

rlgrobin the Cleaver (Meteoran Fighter)              Turns: 520, Time: 00:02:48

Health: -1/63      AC:  8    Str: 19    XL:     8   Next: 4%
Magic:  8/10       EV: 11    Int:  9    God:    Okawaru [**....]
Gold:   36         SH:  6    Dex: 15    Spells: 7/7 levels left

rFire   + . .      SeeInvis .    a - +0 war axe
rCold   . . .      Faith    .    c - +0 buckler
rNeg    . . .      Spirit   .    b - +0 scale mail
rPois   .          Reflect  .    (no helmet)
rElec   .          Harm     .    (no cloak)
rCorr   .          Rampage  .    (no gloves)
Will    +....                    (no boots)
Stlth   +                        (no amulet)
HPRegen 0.30/turn                g - ring of protection from fire
MPRegen 0.12/turn                (no ring)

@: heroic, glowing
A: sense surroundings 1, otherworldly, glowing, explore regen
a: Renounce Religion, Heroism


You were on level 7 of the Dungeon.
You worshipped Okawaru.
Okawaru was pleased with you.
You visited 2 branches of the dungeon, and saw 8 of its levels.

You collected 36 gold pieces.

Inventory:

Hand Weapons
 a - a +0 war axe (weapon)
Armour
 b - a +0 scale mail (worn)
 c - a +0 buckler (worn)
Jewellery
 g - a ring of protection from fire (left hand)
Scrolls
 e - 2 scrolls of vulnerability {unknown}
 f - a scroll of silence {unknown}
Potions
 d - a potion of brilliance {unknown}


   Skills:
 - Level 3.2(8.2) Fighting
 + Level 9.3(14.3) Axes
 - Level 3.6(8.6) Armour
 - Level 3.6(8.6) Shields
 + Level 2.5 Invocations


You had 7 spell levels left.
You didn't know any spells.
Your spell library contained the following spells:

 Spells                   Type           Power      Damage    Failure   Level
 Summon Forest            Summ/Tloc      Unusable   N/A       N/A         5
 Summon Mana Viper        Hex/Summ       Unusable   N/A       N/A         5
 Summon Cactus Giant      Summ           Unusable   N/A       N/A         6

Dungeon Overview and Level Annotations

Branches:
Dungeon (7/15) Zot: 3679   Temple (1/1) D:4 Zot: 572

Altars:
Ashenzari
Dithmenos
Fedhas
Okawaru
Ru
Trog
Uskayaw
Wu Jian
Xom
Yredelemnul
Zin


Innate Abilities, Weirdness & Mutations

You passively map a small area around you.
You are easily found by Zot.
You glow in the dark.
You regain HP and MP as you explore.


Message History

You hit the sky beast.
The sky beast is lightly wounded.
The sky beast barely misses you.
You hit the sky beast.
The sky beast is moderately wounded.
You block the sky beast's attack.
You closely miss the sky beast.
The sky beast is moderately wounded.
You block the sky beast's attack.
You closely miss the sky beast.
The sky beast is moderately wounded.
The sky beast barely misses you.
You slash the sky beast!
The sky beast is severely wounded.
The sky beast hits you but does no damage.
You slash the sky beast!
You kill the sky beast!
Okawaru accepts your kill.
Your Invocations skill increases to level 2!
You have reached level 8!
You now have 36 gold pieces (gained 3).
Found a curved gold wand and a leather armour.
You open the door.
There is an open door here.
You open the door.
A gargoyle comes into view. It is wielding a +0 mace.
Found a flail.
You open the door.
A gargoyle comes into view. It is wielding a +0 mace.
The gargoyle hits you with a +0 mace!
The gargoyle hurls a stone arrow at you.
The stone arrow hits you!!
Found 15 gold pieces.
Okay, then.
You gain the combat prowess of a mighty hero.
The gargoyle hits you with a +0 mace!!
* * * LOW HITPOINT WARNING * * *
The gargoyle hurls a stone arrow at you.
The stone arrow hits you!
You die...

* * * , ,, * * , * , , , , ** ,
,* * *. #** #, , * , #.
##.###)###9# * * *,, ####..
#..#8##9@'## , * ......
#.###'.....+# # # ......
#.#8#.......#,#.#### ##.
......##...........+ #...<####..
...............8....##.........#
[..................+##..........
.........#8#.......# #.##...##†#
.../.....###+.....+###..........
###.#.....# ##+.+##8#..##.......


You could see 2 gargoyles.

Vanquished Creatures
  A sky beast (D:7)
  2 ogres
  3 bullfrogs
  A scorpion (D:7)
  A hound (D:4)
  6 river rats (D:5)
  3 dart slugs
  3 endoplasms
  A giant cockroach (D:4)
  2 goblins (D:1)
  A hobgoblin (D:1)
  2 quokkas
  3 ball pythons
  A bat (D:1)
  16 rats
46 creatures vanquished.

Notes
Turn   | Place    | Note
-------+----------+-------------------------------------------
     0 | D:1      | rlgrobin the Meteoran Fighter began the quest for the Orb.
     0 | D:1      | Reached XP level 1. HP: 19/19 MP: 2/2
    71 | D:1      | Reached skill level 3 in Axes
    71 | D:1      | Reached XP level 2. HP: 24/26 MP: 3/3
   148 | D:3      | Reached XP level 3. HP: 31/31 MP: 4/4
   206 | D:4      | Found a staircase to the Ecumenical Temple.
   206 | D:4      | Noticed an ogre
   216 | D:4      | Killed an ogre
   217 | D:4      | Reached skill level 6 in Axes
   217 | D:4      | Reached XP level 4. HP: 15/38 MP: 5/5
   217 | D:4      | Reached XP level 5. HP: 18/45 MP: 6/6
   227 | Temple   | Entered the Ecumenical Temple
   245 | Temple   | Became a worshipper of Warmaster Okawaru
   317 | D:5      | Entered Level 5 of the Dungeon
   334 | D:5      | Reached XP level 6. HP: 45/51 MP: 7/7
   365 | D:5      | Reached skill level 7 in Axes
   412 | D:6      | Noticed an ogre
   417 | D:6      | Killed an ogre
   417 | D:6      | Reached * piety under Okawaru
   434 | D:6      | Reached skill level 8 in Axes
   434 | D:6      | Reached XP level 7. HP: 39/57 MP: 8/8
   479 | D:7      | Reached skill level 9 in Axes
   479 | D:7      | Reached skill level 1 in Invocations
   492 | D:7      | Reached ** piety under Okawaru
   493 | D:7      | Reached XP level 8. HP: 63/63 MP: 10/10
   518 | D:7      | Noticed a gargoyle
   519 | D:7      | Noticed a gargoyle
   520 | D:7      | Killed from afar by a gargoyle

Illustrated notes

Levels and vault maps discovered:
D:1:      onia_arrival_pyramid, layout_loops_ring, serial_forest,
          infiniplex_forest_clump_small, infiniplex_forest_clump_large,
          infiniplex_forest_clump_double, infiniplex_forest_straight_4,
          infiniplex_forest_zigzag_1, infiniplex_forest_zigzag_1
D:2:      layout_loops_ring, basic_altar, kennysheep_cluttered_room,
          chequers_serial_rivers_room_a, uniq_terence, uniq_sigmund
D:3:      layout_loops_corners, minmay_starry_boxes
D:4:      layout_basic, minmay_temple_entry_overgrown
D:5:      layout_loops_ring, grunt_temple_overflow_magic_moments,
          nicolae_overflow_hidden_temple, chequers_serial_rivers_marsh,
          dk_rats_in_the_wall, uniq_pikel
D:6:      layout_loops_ring, minmay_misc_feat_hallway, patterned_corridor
D:7:      cheibrodos_statue_roulette, layout_rooms, minmay_stone_trees_medium,
          fountainhead
Temple:   nicolae_temple_ecumenical_triangle

Skill      XL: |  1  2  3  4  5  6  7 |
---------------+----------------------+-----
Axes           | 3 6 8 9 |  9.3
Invocations    | 2 |  2.5
Fighting       | |  3.2
Armour         | |  3.6
Shields        | |  3.6

Action                     |  1- 3 |  4- 6 |  7- 9 || total
---------------------------+-------+-------+-------++-------
  Melee: War axe           |    35 |    66 |    22 ||   123
 Invoke: Heroism           |       |       |     1 ||     1
    Use: Potion            |     1 |     1 |       ||     2
 Armour: Scale mail        |    15 |    17 |    10 ||    42
  Dodge: Dodged            |     9 |    16 |     7 ||    32
  Block: Buckler           |    12 |     9 |     7 ||    28

Table legend: (Time is in decaauts)
 A = Elapsed time spent in this place.
 B = Non-inter-level travel time spent in this place.
 C = Inter-level travel time spent in this place.
 D = Time resting spent in this place.
 E = Time spent auto-exploring this place.
 F = Levels seen in this place.
 G = Mean time per level.
                   A        B        C        D        E       F      G
               +--------+--------+--------+--------+--------+-----+--------+
         Total |    546 |    546 |      0 |      0 |      0 |   8 |   68.2 |
       Dungeon |    519 |    519 |      0 |      0 |      0 |   7 |   74.1 |
        Temple |     27 |     27 |      0 |      0 |      0 |   1 |   27.0 |
               +--------+--------+--------+--------+--------+-----+--------+

Top non-repeatable levels by time:
     D:1: 116 daAuts
     D:4: 99 daAuts
     D:5: 83 daAuts
     D:7: 81 daAuts
     D:3: 75 daAuts
     D:6: 49 daAuts
  Temple: 27 daAuts
     D:2: 13 daAuts
